 Dungeon Crawl Stone Soup version 0.23.1-38-g628c18f423 (webtiles) character file.

Game seed: 16570152752434718518

682 Peloso the Shield-Bearer (level 7, 0/60 HPs)
             Began as a Minotaur Fighter on Mar 29, 2019.
             Was an Initiate of Okawaru.
             Slain by an iguana (3 damage)
             ... on level 6 of the Dungeon.
             The game lasted 00:06:05 (3952 turns).

Peloso the Shield-Bearer (Minotaur Fighter)         Turns: 3952, Time: 00:06:06

Health: 0/60       AC: 12    Str: 21    XL:     7   Next: 34%
Magic:  6/6        EV:  6    Int: 10    God:    Okawaru [......]
Gold:   127        SH: 10    Dex: 11    Spells: 6/6 levels left

rFire    + . .     SeeInvis .   a - +0 long sword
rCold    . . .     Gourm    .   c - +0 shield
rNeg     . . .     Faith    .   t - +0 chain mail
rPois    .         Spirit   .   (helmet restricted)
rElec    .         Reflect  .   (no cloak)
rCorr    .         Harm     .   (no gloves)
MR       .....                  (no boots)
Stlth    ..........             (no amulet)
HPRegen  0.20/turn              e - ring of protection from fire
MPRegen  0.10/turn              (no ring)

@: brilliant, starving
A: retaliatory headbutt, horns 2, thin metallic scales 1, blink, wild magic 1
a: Blink, Renounce Religion


You were on level 6 of the Dungeon.
You worshipped Okawaru.
Okawaru was noncommittal.
You were starving.

You visited 2 branches of the dungeon, and saw 7 of its levels.

You collected 127 gold pieces.

Inventory:

Hand Weapons
 a - a +0 long sword (weapon)
Armour
 b - a +0 scale mail
 c - a +0 shield (worn)
 t - a +0 chain mail (worn)
Jewellery
 e - a ring of protection from fire (left hand)
Wands
 u - a wand of iceblast (8)
Scrolls
 h - a scroll of amnesia
 k - a scroll of remove curse
 n - 3 scrolls of identify {unknown}
 o - a scroll of random uselessness {unknown}
 p - 3 scrolls of fear {unknown}
 q - 2 scrolls of enchant armour {unknown}
 r - 2 scrolls of fog {unknown}
Potions
 d - 2 potions of might
 i - a potion of berserk rage {unknown}
 j - a potion of degeneration {unknown}
 l - 2 potions of mutation
 m - 2 potions of curing {unknown}
 s - a potion of haste {unknown}
Comestibles
 f - 8 rations


   Skills:
 + Level 4.6 Fighting
 + Level 6.1 Long Blades
 + Level 5.9 Armour
 + Level 1.7 Dodging
 + Level 0.2 Stealth
 + Level 6.1 Shields


You had 6 spell levels left.
You didn't know any spells.
Your spell library was empty.

Dungeon Overview and Level Annotations

Branches:
Dungeon (6/15)             Temple (1/1) D:5

Altars:
Ashenzari
Cheibriados
Dithmenos
Elyvilon
Fedhas
Gozag
Kikubaaqudgha
Makhleb
Nemelex Xobeh
Okawaru
Qazlal
Ru
Sif Muna
Trog
Uskayaw
Wu Jian
Xom
Zin


Innate Abilities, Weirdness & Mutations

You reflexively headbutt those who attack you in melee.
You have a pair of horns on your head.
You are partially covered in thin metallic scales. (AC +2)
You can translocate small distances at will.
Your spells are a little harder to cast, but a little more powerful.


Message History

The iguana bites you.
* * * LOW HITPOINT WARNING * * *
The iguana bites you.
* * * LOW HITPOINT WARNING * * *
It was a potion of mutation.
You feel extremely strange.
Thin metallic scales grow over part of your body.
You feel less in control of your magic.
You feel jittery. You block the iguana's attack.
You hit the iguana but do no damage.
The iguana is moderately wounded.
The iguana bites you.
* * * LOW HITPOINT WARNING * * *
You barely miss the iguana.
The iguana is moderately wounded.
The iguana bites you but does no damage.
Okay, then.
It was a potion of brilliance.
You feel clever all of a sudden. The iguana bites you.
You die...

### ...## ########
...P. ##..≈...# ...≈≈≈
#...≈≈≈.## ###...≈≈≈
#..≈≈≈≈..###....≈≈≈≈
#...≈≈≈.@#......≈.≈. .
#...≈≈≈.l...#.......
.#
###...≈PP.###...?.....
#.#####.......###
..........
#..........####
...........
##.......###
#..........< ##<...###
#........... #..###
#........... ##.#
##.........


You could see an iguana.

Vanquished Creatures
  Menkaure (D:4)
  2 ogres (D:4)
  A wyvern skeleton (D:6)
  An orc priest (D:4)
  2 worker ants (D:4)
  An iguana (D:4)
  An orc wizard (D:3)
  2 hound skeletons
  A howler monkey skeleton (D:5)
  5 adders
  A shadow imp (D:2)
  2 adder skeletons
  A dart slug (D:1)
  3 worms
  A leopard gecko (D:6)
  17 orcs
  4 ball pythons
  2 bats
  8 giant cockroaches
  5 goblins
  9 hobgoblins
  12 kobolds
  2 quokkas
  A ball python zombie (D:6)
  5 frilled lizards
  A jackal zombie (D:6)
  A quokka skeleton (D:4)
  A quokka zombie (D:6)
  9 rats
102 creatures vanquished.

Vanquished Creatures (others)
  A howler monkey (D:4)
  2 worker ants (D:4)
  A leopard gecko (D:4)
  An orc (D:4)
  2 ball pythons (D:4)
  A giant cockroach (D:4)
  2 frilled lizards (D:4)
10 creatures vanquished.

Grand Total: 112 creatures vanquished

Notes
Turn   | Place    | Note
-------+----------+-------------------------------------------
     0 | D:1      | Peloso the Minotaur Fighter began the quest for the Orb.
     0 | D:1      | Reached XP level 1. HP: 19/19 MP: 0/0
    91 | D:1      | Reached XP level 2. HP: 26/27 MP: 1/1
   478 | D:1      | Reached XP level 3. HP: 33/33 MP: 2/2
   886 | D:2      | Reached XP level 4. HP: 40/40 MP: 3/3
  1753 | D:3      | Found a bloodstained altar of Trog.
  1797 | D:3      | Reached skill level 1 in Dodging
  2040 | D:3      | Reached XP level 5. HP: 42/46 MP: 4/4
  2048 | D:3      | Reached skill level 5 in Armour
  2489 | D:4      | Noticed an ogre
  2498 | D:4      | Killed an ogre
  2498 | D:4      | Reached skill level 5 in Shields
  2509 | D:4      | Found a shimmering altar of Xom.
  2564 | D:4      | Noticed an ogre
  2571 | D:4      | Killed an ogre
  2571 | D:4      | Reached XP level 6. HP: 25/53 MP: 5/5
  2850 | D:4      | Reached skill level 5 in Long Blades
  2956 | D:4      | Found an ornate altar of the Wu Jian Council.
  3024 | D:4      | Noticed Menkaure
  3032 | D:4      | Killed Menkaure
  3032 | D:4      | Reached XP level 7. HP: 36/60 MP: 6/6
  3383 | D:5      | Entered Level 5 of the Dungeon
  3434 | D:5      | Found a staircase to the Ecumenical Temple.
  3449 | Temple   | Entered the Ecumenical Temple
  3454 | Temple   | Became a worshipper of Warmaster Okawaru
  3521 | D:5      | Found a snail-covered altar of Cheibriados.
  3949 | D:6      | Gained mutation: You are partially covered in thin metallic
                  | scales. (AC +2) [potion of mutation]
  3949 | D:6      | Gained mutation: Your spells are a little harder to cast,
                  | but a little more powerful. [potion of mutation]
  3949 | D:6      | Gained mutation: You can translocate small distances at
                  | will. [potion of mutation]
  3950 | D:6      | HP: 3/60 [iguana (4)]
  3952 | D:6      | Slain by an iguana

Skill      XL: |  1  2  3  4  5  6  7 |
---------------+----------------------+-----
Shields        | 4 5 6 |  6.1
Fighting       | 4 |  4.6
Armour         | 4 5 |  5.9
Long Blades    | 3 4 5 6 |  6.1
Dodging        | 1 |  1.7
Stealth        | |  0.2

Action                   |  1- 3 |  4- 6 |  7- 9 || total
-------------------------+-------+-------+-------++-------
Melee: Long sword        |    93 |   171 |    31 ||   295
       Headbutt          |    13 |    33 |     9 ||    55
  Use: Scroll            |       |     2 |       ||     2
       Potion            |       |       |     2 ||     2
  Eat: Chunk             |       |     6 |     2 ||     8
Armor: Scale mail        |    57 |    49 |       ||   106
       Chain mail        |       |     4 |    10 ||    14
Dodge: Dodged            |    32 |    44 |     5 ||    81
Block: Shield            |    41 |    90 |    19 ||   150
       Rpst.: Long sword |     9 |     6 |     2 ||    17
